 Dungeon Crawl Stone Soup version 0.27-a0-1139-g28e009f8a6 (webtiles) character file.

Game seed: 17672462129571126081

185 Anon1729 the Bolt Thrower (level 5, 0/30 HPs)
             Began as a Tengu Hunter on May 7, 2021.
             Succumbed to a scorpion's poison
             ... on level 4 of the Dungeon.
             The game lasted 00:03:44 (4629 turns).

Anon1729 the Bolt Thrower (Tengu Hunter)            Turns: 4629, Time: 00:03:44

Health: 0/30       AC:  3    Str: 13    XL:     5   Next: 64%
Magic:  6/6        EV: 18    Int: 11    God:
Gold:   136        SH:  0    Dex: 15    Spells: 4/4 levels left

rFire    . . .     SeeInvis .   b - +4 short sword
rCold    . . .     Faith    .   (no shield)
rNeg     . . .     Spirit   .   c - +0 leather armour
rPois    +         Reflect  .   (helmet restricted)
rElec    .         Harm     .   (no cloak)
rCorr    .         Rampage  .   (no gloves)
Will     .....                  (boots unavailable)
Stlth    +.........             (no amulet)
HPRegen  0.10/turn              r - +4 ring of evasion
MPRegen  0.10/turn              k - ring of poison resistance

@: lethally poisoned (0 -> -5), flying quickly and evasively, quick
A: beak, talons 3, nimble flight
a: no special abilities


You were on level 4 of the Dungeon.
You visited 1 branch of the dungeon, and saw 4 of its levels.
You also visited: Sewer.

You collected 136 gold pieces.

Inventory:

Hand Weapons
 a - a +1 hand crossbow
 b - a +4 short sword (weapon)
 l - a +0 short sword
Missiles
 d - 20 bolts
 i - 5 atropa-tipped darts (quivered)
Armour
 c - a +0 leather armour (worn)
Jewellery
 k - a ring of poison resistance (right hand)
 m - a ring of fire
 r - a +4 ring of evasion (left hand)
Scrolls
 e - 3 scrolls of teleportation {unknown}
 f - 3 scrolls of fear {unknown}
 g - a scroll of immolation {unknown}
 h - a scroll of amnesia {unknown}
 j - 2 scrolls of enchant weapon {unknown}
 o - a scroll of blinking {unknown}
 p - a scroll of magic mapping {unknown}
 q - a scroll of identify {unknown}
 t - a scroll of torment {unknown}
Potions
 n - 2 potions of might {unknown}
 s - a potion of cancellation {unknown}
 u - a potion of flight {unknown}


   Skills:
 - Level 2.0 Fighting
 + Level 7.3 Crossbows
 - Level 2.2 Dodging
 - Level 1.0 Stealth


You had 4 spell levels left.
You didn't know any spells.
Your spell library contained the following spells:

 Spells                   Type           Power      Damage    Failure   Level
 Freeze                   Ice            0%         1d3       41%         1
 Frozen Ramparts          Ice            0%         1d2       80%         3
 Ozocubu's Armour         Ice            0%         N/A       80%         3
 Hailstorm                Conj/Ice       0%         3d3       99%         4
 Metabolic Englaciation   Hex/Ice        0%         N/A       100%        5


Dungeon Overview and Level Annotations

Branches:
Dungeon (4/15)              Sewer (visited)
 Temple: D:4-7

Altars:
Zin


Innate Abilities, Weirdness & Mutations

You have a beak for a mouth.
You have claws for feet.
Your magical nature lets you fly swiftly and evasively.


Message History

Done exploring.
Done exploring.
No target in view!
(D) Dungeon
Where to? (Enter - D:3, ? - help)
There is a stone staircase leading down here.
You fly downwards.
An adder and a scorpion come into view.
The adder hisses angrily.
Found a scroll labelled PUSTOU RAEWEEV.
There is a stone staircase leading up here.
There are monsters nearby!
The scorpion stings you.
You hit the scorpion.
The scorpion is lightly wounded.
The scorpion stings you.
You completely miss the scorpion. You claw the scorpion.
The scorpion is moderately wounded.
The scorpion completely misses you.
You hit the scorpion. Your peck misses the scorpion.
The scorpion is heavily wounded.
The scorpion stings you.
You are poisoned.
The scorpion poisons you! The adder closely misses you.
The scorpion stings you but does no damage.
You barely miss the scorpion.
The scorpion is heavily wounded.
You feel very sick. The adder barely misses you. The scorpion stings you!
* * * LOW HITPOINT WARNING * * *
The adder bites you.
* * * LOW HITPOINT WARNING * * *
You are too injured to fight recklessly!
You are too injured to fight recklessly!
Okay, then.
* * * LOW HITPOINT WARNING * * *
You feel sick.
* * * LOW HITPOINT WARNING * * *
You feel sick.
You die...

...#.......#
.##.#.......#
............#
?...........#
#.........##.#
#...........#
#...Ss...####
#.##.##### #
#@# ..).....#
####.#### #


You could see a scorpion and an adder.

Vanquished Creatures
  10 adders
  An adder skeleton (D:2)
  A worm (D:2)
  3 dart slugs
  An orc (D:3)
  3 endoplasms
  3 giant cockroaches
  6 goblins
  7 hobgoblins
  10 jackals
  4 quokkas
  6 ball pythons
  5 bats
  12 frilled lizards
  5 kobolds
  9 rats
86 creatures vanquished.

Notes
Turn   | Place    | Note
-------+----------+-------------------------------------------
     0 | D:1      | Anon1729 the Tengu Hunter began the quest for the Orb.
     0 | D:1      | Reached XP level 1. HP: 12/12 MP: 2/2
   237 | D:1      | Reached XP level 2. HP: 17/17 MP: 3/3
   312 | D:1      | Reached skill level 5 in Crossbows
   742 | D:1      | Reached XP level 3. HP: 19/21 MP: 4/4
  1513 | D:2      | HP: 1/21 [hobgoblin (3)]
  1920 | D:2      | Reached skill level 6 in Crossbows
  2061 | D:2      | Reached XP level 4. HP: 12/26 MP: 5/5
  2479 | D:2      | Found a faded altar of an unknown god.
  3338 | D:3      | Found a glowing drain.
  3356 | Sewer    | Entered a sewer
  3493 | Sewer    | Gained mutation: Your magical nature lets you fly swiftly
                  | and evasively. [Tengu growth]
  3493 | Sewer    | Reached XP level 5. HP: 24/30 MP: 6/6
  4021 | D:3      | Reached skill level 7 in Crossbows
  4498 | D:3      | Found a glowing silver altar of Zin.
  4628 | D:4      | HP: 1/30 [poisoned by a scorpion]
  4629 | D:4      | Succumbed to a scorpion's poison

Illustrated notes

Levels and vault maps discovered:
D:1:      minmay_arrival_arboretum_large, layout_loops_ring
D:2:      layout_loops_cross, hellmonk_ecumenical_altar_inner_sanctum,
          minivault_26, minmay_tetromino_t2
D:3:      layout_loops_cross, zin_academy, gup_sewer_entry_bowl
D:4:      layout_loops_ring, serial_glass, glass_columns_a, glass_columns_c,
          glass_columns_a, glass_columns_a, serial_bayou_pond_b,
          sigmund_edmund_badplayer

Skill      XL: |  1  2  3  4  5 |
---------------+----------------+-----
Crossbows      | 5 6 7 |  7.3
Fighting       | |  2.0
Dodging        | |  2.2
Stealth        | |  1.0

Action                   |  1- 3 |  4- 6 || total
-------------------------+-------+-------++-------
Melee: Short sword       |   122 |    98 ||   220
       Kick              |    23 |    23 ||    46
       Peck              |    12 |     8 ||    20
 Fire: Hand crossbow     |     7 |       ||     7
 Stab: Sleeping          |     3 |     1 ||     4
Armor: Leather armour    |    22 |    15 ||    37
Dodge: Dodged            |    65 |    62 ||   127

Table legend: (Time is in decaauts)
 A = Elapsed time spent in this place.
 B = Non-inter-level travel time spent in this place.
 C = Inter-level travel time spent in this place.
 D = Time resting spent in this place.
 E = Time spent auto-exploring this place.
 F = Levels seen in this place.
 G = Mean time per level.
                   A        B        C        D        E       F      G
               +--------+--------+--------+--------+--------+-----+--------+
         Total |   4595 |   4541 |     54 |    913 |   3041 |   5 |  919.0 |
       Dungeon |   3999 |   3945 |     54 |    789 |   2679 |   4 |  999.8 |
         Sewer |    595 |    595 |      0 |    124 |    362 |   1 |  595.0 |
               +--------+--------+--------+--------+--------+-----+--------+

Top non-repeatable levels by time:
     D:2: 2047 daAuts
     D:1: 1097 daAuts
     D:3: 845 daAuts
   Sewer: 595 daAuts
     D:4: 8 daAuts
